 Dungeon Crawl Stone Soup version 0.16.1-30-g34a7ffa (webtiles) character file.

939 ztt the Magician (level 7, -6/38 HPs)
             Began as a Deep Elf Summoner on June 17, 2015.
             Was a Follower of Sif Muna.
             Killed by divine providence
             ... invoked by an orc priest
              (15 damage)
             ... on level 6 of the Dungeon.
             The game lasted 00:32:08 (9014 turns).

ztt the Magician (Deep Elf Summoner)                Turns: 9014, Time: 00:32:08

Health: -6/38      AC:  7    Str:  5    XL:     7   Next: 87%
Magic:  22/25      EV: 14    Int: 22    God:    Sif Muna [*.....]
Gold:   426        SH:  0    Dex: 15    Spells: 4 memorised, 11 levels left

rFire  . . .     SeeInvis .     p - +3 whip (flame)
rCold  . . .     Clarity  .     a - +0 robe
rNeg   . . .     SustAb   .     (no shield)
rPois  .         Gourm    .     (no helmet)
rElec  .         Spirit   .     (no cloak)
rCorr  .         Warding  .     (no gloves)
rMut   .         Stasis   .     n - +0 pair of boots
MR     .....                    (no amulet)
Stlth  +++.......               (no ring)
                                f - +4 ring of protection

@: not resistant to hostile enchantments, fairly stealthy
A: no striking features
a: Channel Energy, Renounce Religion


You were on level 6 of the Dungeon.
You worshipped Sif Muna.
Sif Muna was aware of your devotion.
You were very hungry.

You visited 2 branches of the dungeon, and saw 7 of its levels.

You collected 426 gold pieces.

Inventory:

Hand weapons
 p - a +3 whip of flaming (weapon)
Armour
 a - a +0 robe (worn)
 n - a +0 pair of boots (worn)
Jewellery
 f - a +4 ring of protection (left hand)
 g - an uncursed ring of invisibility
Scrolls
 d - a scroll of remove curse
 e - a scroll of recharging
 h - 5 scrolls of identify
 i - a scroll of acquirement {unknown}
Potions
 j - a potion of resistance
Books
 b - a book of Callings

   Spells                             Type                      Level
   a - Summon Small Mammal            Summoning                    1
   b - Call Imp                       Summoning                    2
   c - Call Canine Familiar           Summoning                    3
   d - Summon Guardian Golem          Hexes/Summoning              4
   e - Summon Lightning Spire         Summoning/Air                4
   f - Summon Ice Beast               Ice/Summoning                4
Comestibles
 c - 2 bread rations
 l - a meat ration


   Skills:
 + Level 1.0 Fighting
 + Level 1.2 Maces & Flails
 + Level 3.8 Dodging
 + Level 4.0 Stealth
 + Level 7.9 Spellcasting
 + Level 7.4 Summonings


You had 11 spell levels left.
You knew the following spells:

 Your Spells              Type           Power        Failure   Level  Hunger
a - Summon Small Mammal   Summ           ####         1%          1    None
b - Call Imp              Summ           #####...     1%          2    None
c - Call Canine Familiar  Summ           #####...     1%          3    None
d - Summon Ice Beast      Ice/Summ       ####....     17%         4    ###....


Dungeon Overview and Level Annotations

Branches:
Dungeon (6/15)             Temple (1/1) D:4

Altars:
Ashenzari
Dithmenos
Elyvilon
Fedhas
Gozag
Kikubaaqudgha
Makhleb
Nemelex Xobeh
Okawaru
Ru
Sif Muna
Trog
Vehumet
Xom
Yredelemnul
Zin
The Shining One
Lugonu

Annotations:
D:4 Turgon's ghost, average TrHu
D:6 Dowan


Message History

You start resting.
Dowan says, "Magic will overcome all!"
Dowan casts a spell.
Dowan blinks!
You open the door.
There is an open door here.
You start resting.
An orc priest opens the door.
It is wielding a club.
Your crimson imp blinks!
The orc priest looks braver.
Dowan is no longer moving quickly.
Dowan casts a spell.
Dowan seems to speed up.
A kobold comes into view. It is wielding a dagger.
Dowan gestures wildly while chanting.
Dowan blinks!
Dowan shakes with grief.
The orc priest mumbles some strange prayers to Beogh against you.
Something smites you!
You die...

...........#............
...........'............
###'######'#............
..................###+##
.....†........e...#
.....>..........o.+
...............5..#
§..............).÷#
#'###........)÷.@.#
#...###+####....K.#
#..........'......+
+..........#......#
#...##.....#......#
###+##.....#......'
...........#......#
...........+......#
...........#......


You could see Dowan, an orc priest, a kobold and a friendly crimson imp.

Vanquished Creatures
  A wight (D:6)
  A jelly (D:5)
  A crimson imp (D:5)
  An adder (D:6)
  An adder zombie (D:6)
  A giant gecko (D:5)
  Natasha (D:3)
  3 bats
  3 giant cockroaches
  A goblin (D:1)
  6 hobgoblins
  4 jackals
  A kobold (D:3)
  5 giant newts
  3 goblin skeletons (D:5)
  A hobgoblin zombie (D:5)
  A kobold skeleton (D:5)
  2 orc skeletons (D:5)
  2 quokkas
  A quokka zombie (D:5)
  3 rats
43 creatures vanquished.

Vanquished Creatures (collateral kills)
  Pikel (D:5)
  3 slaves (D:5)
  A centaur (D:5)
  A phantom (D:5)
  Duvessa (D:6)
  2 giant frogs
  A wight (D:6)
  The ghost of Vojta the Skirmisher, a weakling GrFi (D:3)
  2 jellies (D:5)
  A goliath beetle (D:6)
  2 hounds
  A gnoll shaman (D:5)
  An orc priest (D:3)
  An iguana (D:5)
  A quasit (D:5)
  4 worker ants
  Natasha (twice) (D:3)
  Ijyb (D:3)
  8 gnolls
  8 adders
  A giant mite (D:6)
  A white imp (D:6)
  A worm (D:4)
  2 adder skeletons
  An ooze (D:1)
  17 orcs
  2 ball pythons
  2 giant cockroaches
  8 goblins
  12 hobgoblins
  A quokka (D:5)
  5 bats
  A giant gecko skeleton (D:4)
  4 giant newts
  A hobgoblin zombie (D:5)
  6 jackals
  13 kobolds
  2 kobold skeletons (D:5)
  An orc zombie (D:5)
  A rat (D:6)
125 creatures vanquished.

Vanquished Creatures (others)
  4 wolves
  An ogre (D:4)
  11 crimson imps
  31 hounds
  4 shadow imps
  11 white imps
  8 quokkas
  6 bats
  A giant gecko skeleton (D:4)
  7 rats
84 creatures vanquished.

Grand Total: 252 creatures vanquished

Notes
Turn   | Place    | Note
--------------------------------------------------------------
     0 | D:1      | ztt, the Deep Elf Summoner, began the quest for the Orb.
     0 | D:1      | Reached XP level 1. HP: 10/10 MP: 5/5
   531 | D:1      | Reached XP level 2. HP: 3/15 MP: 8/8
  1424 | D:1      | Learned a level 2 spell: Call Imp
  1966 | D:2      | Found a burning altar of Makhleb.
  2119 | D:2      | Reached XP level 3. HP: 19/19 MP: 9/11
  2124 | D:2      | Learned a level 3 spell: Call Canine Familiar
  2231 | D:2      | Found an opulent altar of Gozag.
  2543 | D:2      | Found an iron altar of Okawaru.
  2546 | D:2      | Found a glowing silver altar of Zin.
  2549 | D:2      | Found a sacrificial altar of Ru.
  2657 | D:2      | Reached skill level 5 in Summonings
  3293 | D:3      | Found a shattered altar of Ashenzari.
  3293 | D:3      | Noticed Vojta's ghost (weakling GrFi)
  3391 | D:3      | Noticed Natasha
  3395 | D:3      | Killed Natasha
  3395 | D:3      | Reached XP level 4. HP: 24/24 MP: 12/15
  3408 | D:3      | Learned a level 4 spell: Summon Ice Beast
  3435 | D:3      | Killed Vojta's ghost
  3476 | D:3      | Noticed Natasha
  3496 | D:3      | Killed Natasha
  3591 | D:3      | Noticed Ijyb
  3623 | D:3      | Killed Ijyb
  3824 | D:3      | Noticed Natasha
  4284 | D:3      | Killed Natasha
  4410 | D:3      | Reached XP level 5. HP: 28/28 MP: 11/18
  4602 | D:4      | Noticed Turgon's ghost (average TrHu)
  4640 | D:3      | Reached skill level 5 in Spellcasting
  4849 | D:4      | Noticed an ogre
  5833 | D:4      | Killed an ogre
  5916 | D:4      | Found a staircase to the Ecumenical Temple.
  5926 | Temple   | Entered the Ecumenical Temple
  5950 | Temple   | Became a worshipper of Sif Muna the Loreminder
  6016 | D:4      | Found a shimmering altar of Xom.
  6016 | D:4      | Found a basalt altar of Yredelemnul.
  6017 | D:4      | Found a radiant altar of Vehumet.
  6096 | D:5      | Entered Level 5 of the Dungeon
  6266 | D:5      | Reached skill level 6 in Summonings
  6418 | D:5      | Noticed a phantom
  6484 | D:5      | Reached XP level 6. HP: 8/32 MP: 17/21
  6985 | D:5      | Killed a phantom
  7509 | D:5      | Noticed a slave
  7509 | D:5      | Noticed a slave
  7512 | D:5      | Noticed a slave
  7551 | D:5      | Killed a slave
  7598 | D:5      | Killed a slave
  7952 | D:5      | Found a glowing golden altar of the Shining One.
  7984 | D:5      | Reached XP level 7. HP: 31/37 MP: 24/24
  8328 | D:5      | Found a white marble altar of Elyvilon.
  8329 | D:5      | Noticed Pikel
  8398 | D:5      | Killed a slave
  8521 | D:5      | Killed Pikel
  8521 | D:5      | Acquired Sif Muna's first power
  8521 | D:5      | Reached skill level 1 in Fighting
  8521 | D:5      | Reached skill level 1 in Maces & Flails
  8521 | D:5      | Reached skill level 7 in Spellcasting
  8908 | D:6      | Noticed Duvessa
  8930 | D:6      | Noticed Dowan
  8940 | D:6      | Killed Duvessa
  9014 | D:6      | Killed from afar by an orc priest

Action                   |  1- 3 |  4- 6 |  7- 9 || total
-------------------------+-------+-------+-------++-------
Melee: Whip              |    60 |    65 |    45 ||   170
       Unarmed           |     1 |       |       ||     1
 Cast: Summon Small Mamm |    64 |     2 |       ||    66
       Call Canine Famil |     6 |    45 |    13 ||    64
       Call Imp          |     4 |    35 |    13 ||    52
  Use: Scroll            |     2 |     6 |     6 ||    14
       Potion            |       |     4 |       ||     4
 Stab: Distracted        |       |     2 |       ||     2
       Sleeping          |       |     3 |       ||     3
  Eat: Chunk             |     1 |     5 |     3 ||     9
       Meat ration       |     1 |       |       ||     1
       Pizza             |       |     2 |       ||     2
       Bread ration      |       |     2 |       ||     2
